 Dungeon Crawl Stone Soup version 0.20.1-1-g8b1a95d (webtiles) character file.

142721 dasa the Jinx (level 17, 0/117 HPs)
             Began as an Octopode Ice Elementalist on Sept 2, 2017.
             Was the Champion of Vehumet.
             Slain by a ghost moth (5 damage)
             ... on level 4 of the Spider Nest.
             The game lasted 03:11:13 (35389 turns).

dasa the Jinx (Octopode Ice Elementalist)          Turns: 35389, Time: 03:11:14

Health: 0/117      AC:  2    Str: 12 (14) XL:     17   Next: 36%
Magic:  0/33       EV: 21    Int: 40 (41) God:    Vehumet [******]
Gold:   2090       SH:  5    Dex: 15      Spells: 2/40 levels left

rFire    + . .     SeeInvis .   Q - +7 short sword (venom)
rCold    . . .     Gourm    .   K - +0 buckler of Vehumet's Reproof {*Contam Regen+ Int+6}
rNeg     . . .     Faith    .   a - +1 hat {Int+3}
rPois    +         Spirit   .   P - amulet of regeneration
rElec    +         Reflect  .   y - ring of poison resistance
rCorr    .         Harm     .   d - +4 ring of intelligence
MR       ++...                  H - +3 ring of intelligence
Stlth    ++++++....             E - +3 ring of intelligence
Regen    1.1/turn               U - ring of protection from fire
MPRegen  0.3/turn               v - +5 ring of strength
                                h - ring of wizardry
                                Z - ring of protection from magic

@: no status effects
A: almost no armour, stealthy swim, amphibious, 8 rings, constrict 8, camouflage
1, agile 1, electricity resistance, wild magic 1, gelatinous body 1
a: Renounce Religion


You were on level 4 of the Spider Nest.
You worshipped Vehumet.
Vehumet was exalted by your worship.
You were hungry.

You visited 6 branches of the dungeon, and saw 27 of its levels.

You collected 2307 gold pieces.
You spent 217 gold pieces at shops.

Inventory:

Hand Weapons
 m - a +2 dagger of protection
 r - a +0 short sword of electrocution
 Q - a +7 short sword of venom (weapon)
Missiles
 f - 638 stones (quivered)
Armour
 a - a +1 hat of intelligence (worn)
 K - the +0 buckler of Vehumet's Reproof (worn) {*Contam Regen+ Int+6}
   (You acquired it on level 3 of the Spider Nest)

   It affects your intelligence (+6).
   It causes magical contamination when unequipped.
   It increases your rate of regeneration.
 M - the +0 shield "Betioj" {-Cast rPois rN+, unknown}
   (You took it off Asterion on level 3 of the Spider Nest)

   It protects you from poison.
   It protects you from negative energy.
   It prevents spellcasting.
Jewellery
 d - a +4 ring of intelligence (right tentacle)
 h - a ring of wizardry (on tentacle)
 q - an uncursed ring of stealth
 v - a +5 ring of strength (on tentacle)
 x - an uncursed ring of ice
 y - a ring of poison resistance (left tentacle)
 E - a +3 ring of intelligence (on tentacle)
 H - a +3 ring of intelligence (on tentacle)
 P - an amulet of regeneration (around mantle)
 U - a ring of protection from fire (on tentacle)
 Z - a ring of protection from magic (on tentacle)
Wands
 j - a wand of confusion (28/48)
 p - a wand of paralysis (11/24)
 s - a wand of iceblast (7/15)
 B - a wand of lightning (4/15)
 D - a wand of acid (12/15)
 I - a wand of confusion (24/48)
 L - a wand of scattershot (5/9)
 V - a wand of clouds (6/9)
Scrolls
 e - a scroll of amnesia
 i - 4 scrolls of remove curse
 k - 3 scrolls of fog
 o - 4 scrolls of magic mapping
 u - a scroll of enchant armour
 w - a scroll of silence
 C - a scroll of fear
 J - 6 scrolls of teleportation
Potions
 g - 4 potions of haste
 n - a potion of might
 z - 4 potions of resistance
 A - 2 potions of lignification
 F - a potion of agility
 G - 2 potions of flight
 R - 3 potions of magic
 S - 5 potions of heal wounds
 T - 5 potions of berserk rage
 X - 5 potions of curing
Miscellaneous
 W - a sack of spiders
Comestibles
 b - 17 bread rations
 c - 8 fruits
 l - 15 meat rations
 t - 17 royal jellies


   Skills:
 * Level 11.5 Fighting
 + Level 8.2 Short Blades
   Level 1.1 Maces & Flails
   Level 1.1 Bows
 + Level 0.8 Throwing
 * Level 11.4 Dodging
 + Level 12.8 Stealth
 * Level 3.2 Shields
 + Level 0.6 Unarmed Combat
 + Level 12.3 Spellcasting
 + Level 1.9 Conjurations
 + Level 13.1 Hexes
 + Level 2.2 Charms
   Level 0.2 Summonings
 + Level 3.5 Transmutations
 + Level 2.8 Fire Magic
 + Level 7.1 Ice Magic
 * Level 5.0 Air Magic
 * Level 5.3 Earth Magic
 + Level 10.2 Poison Magic
 + Level 0.7 Evocations


You had 2 spell levels left.
You knew the following spells:

 Your Spells              Type           Power        Failure   Level  Hunger
a - Conjure Ball Lightni  Conj/Air       ######....   8%          6    ##.....
b - Bolt of Cold          Conj/Ice       ######....   5%          6    ##.....
c - Ozocubu's Armour      Chrm/Ice       ######..     1%          3    None
d - Confuse               Hex            ########     1%          3    None
e - Freezing Cloud        Conj/Ice/Air   ######....   5%          6    ##.....
f - Lee's Rapid Deconstr  Erth           ######....   1%          5    None
g - Passwall              Tmut/Erth      ######....   1%          2    None
h - Ignite Poison         Fire/Tmut/Pois ######..     1%          3    None
i - Olgreb's Toxic Radia  Pois           #######.     1%          4    None


Dungeon Overview and Level Annotations

Branches:
Dungeon (13/15)            Temple (1/1) D:7            Lair (6/6) D:8
  Swamp (0/4) Lair:4       Spider (4/4) Lair:3        Slime (0/5) Lair:6
    Orc (2/2) D:11            Elf (1/3) Orc:2        Vaults (0/5) D:13

Altars:
Ashenzari
Dithmenos
Elyvilon
Fedhas
Gozag
Hepliaklqana
Kikubaaqudgha
Makhleb
Okawaru
Qazlal
Ru
Sif Muna
Trog
Uskayaw
Vehumet
Yredelemnul
Zin
The Shining One
Beogh
Jiyva

Shops:
D:5 }   D:9 %   D:13 ?   Orc:2 [?:(   Elf:1 }

Annotations:
D:8 2 transporters
Spider:1 prototypeXXsupercool's ghost, adept HOFi
Spider:2 Nikola
Spider:4 Kirke


Innate Abilities, Weirdness & Mutations

You cannot wear most types of armour.
You are very stealthy in the water. (Stealth+)
You are amphibious.
You can wear up to eight rings at the same time.
You can use your tentacles to constrict eight enemies at once.
Your skin changes colour to match your surroundings (Stealth+).
Your rubbery body absorbs attacks. (AC +1, EV +1)
You are agile. (Dex +2)
You are resistant to electric shocks. (rElec)
Your spells are a little harder to cast, but a little more powerful.


Message History

The hog is caught in a web!
You feel you are being watched by something.
Something hits you. Something hits you!
You feel weakened. Something stings you.
* * * LOW HITPOINT WARNING * * *
There is a stone staircase leading up, spattered with blood here.
Unknown command.
The demonic crawler hits you!
* * * LOW HITPOINT WARNING * * *
The demonic crawler completely misses you.
The demonic crawler hits you!
* * * LOW HITPOINT WARNING * * *
The hog struggles to get unstuck from the web.
The demonic crawler hits you.
* * * LOW HITPOINT WARNING * * *
The demonic crawler misses you. You block the demonic crawler's attack.
You feel you are being watched by something.
Something hits you.
You die...

.#..... ##.......
##.........
##.^......!..
............
###^...........
#.#...^..s†.).. #
##..@.h.s......
..##...{sh........
....#.............
..........^.......
..^....†..†.......
.........)........
..................
..^..$...†....†...
............†.†...


You could see a demonic crawler, a wolf spider, 2 hogs and a tarantella.

Vanquished Creatures
  Saint Roka (Orc:2)
  Jorgrun (Spider:4)
  Rupert (Orc:2)
  Asterion (Spider:3)
  Gastronok (D:8)
  An entropy weaver (Spider:2)
  A deep elf demonologist (Elf:1)
  A deep elf annihilator (Elf:1)
  4 dire elephants (Lair:6)
  An ettin (Orc:1)
  Fannar (D:11)
  The ghost of monokles the Fighter, a journeyman DsGl of Kikubaaqudgha (D:12)
  A vault guard (D:13)
  Harold (D:11)
  9 hydras
  A death knight (D:12)
  A catoblepas (D:13)
  An anaconda (Lair:6)
  2 dancing weapons (Elf:1)
  4 ogre magi (Orc:2)
  14 two-headed ogres
  An orc high priest (Orc:1)
  16 death yaks
  5 deep elf knights
  2 orc knights (Orc:1)
  5 deep elf archers (Elf:1)
  Pikel (D:6)
  A cyclops (Orc:1)
  3 necromancers (D:13)
  2 ugly things (D:12)
  10 wolf spiders
  26 deep elf magi (Elf:1)
  A manticore (D:13)
  8 orb spiders
  2 orc sorcerers
  17 elephants
  3 black mambas
  Maurice (D:8)
  Psyche (D:8)
  Joseph (D:8)
  The ghost of letownia the Insei, a novice OpTm (D:6)
  12 spiny frogs
  4 demonic crawlers
  A torpor snail (Spider:3)
  A freezing wraith (D:12)
  3 rime drakes
  7 komodo dragons
  10 jumping spiders
  2 polar bears
  A queen bee (Lair:3)
  Grinder (D:6)
  A slime creature (D:6)
  7 trolls
  2 hornets
  27 blink frogs
  The ghost of letownia the Insei, an amateur OpTm (D:5)
  8 hippogriffs
  4 dream sheep (Lair:6)
  25 redbacks
  2 spriggans (Lair:5)
  A water elemental (Elf:1)
  19 tarantellas
  3 wraiths (D:12)
  40 yaks
  5 wyverns
  7 basilisks
  A hog (Spider:4)
  20 humans (D:13)
  3 hungry ghosts
  A steam dragon (Lair:3)
  2 fire elementals (Elf:1)
  5 wargs
  A soldier ant (D:12)
  Duvessa (D:7)
  2 hell hounds (D:8)
  15 water moccasins
  A swamp drake (D:11)
  6 porcupines
  A black bear (D:12)
  20 orc warriors
  A sky beast (D:7)
  A slave (D:6)
  An eye of draining (D:10)
  4 ice beasts
  3 necrophages
  42 ogres
  2 phantoms
  6 centaurs
  11 crocodiles
  9 wolves
  5 big kobolds
  A wyvern zombie (D:8)
  20 bullfrogs
  An earth elemental (Elf:1)
  A gnoll sergeant (D:6)
  A wyvern skeleton (D:11)
  Dowan (D:7)
  4 wights
  28 killer bees
  2 howler monkeys (D:13)
  7 crimson imps
  A bullfrog zombie (D:13)
  6 jellies
  5 centaur skeletons
  9 hounds
  3 bullfrog skeletons
  A gnoll shaman (D:6)
  20 orc priests
  6 iguanas
  13 worker ants
  27 orc wizards
  A hell rat (Lair:3)
  A killer bee zombie (D:5)
  5 hound skeletons
  A worker ant zombie (D:9)
  7 gnolls
  13 adders
  3 shadow imps
  8 oozes
  An adder skeleton (D:8)
  A worm (D:4)
  2 dart slugs (D:2)
  5 leopard geckos
  84 orcs
  A ball python (D:2)
  12 bats
  2 giant cockroaches
  8 goblins
  9 hobgoblins
  17 jackals
  3 quokkas
  5 frilled lizards
  A jackal skeleton (D:4)
  23 kobolds
  11 rats
  A fungus (Lair:3)
  5 plants (Lair:6)
901 creatures vanquished.

Vanquished Creatures (collateral kills)
  A wyvern (Lair:3)
  A killer bee (Lair:3)
2 creatures vanquished.

Vanquished Creatures (others)
  2 ball lightnings (Orc:2)
  2 slaves (D:6)
  An ogre (D:6)
  A killer bee (Lair:3)
  An orc wizard (D:3)
  5 gnolls (D:6)
  A jackal (D:6)
  A kobold (D:6)
  A leopard gecko zombie (D:6)
  25 fungi
  13 plants
  4 toadstools (D:6)
57 creatures vanquished.

Grand Total: 960 creatures vanquished

Notes
Turn   | Place    | Note
-------+----------+-------------------------------------------
     0 | D:1      | dasa the Octopode Ice Elementalist began the quest for the Orb.
     0 | D:1      | Reached XP level 1. HP: 11/11 MP: 3/3
   285 | D:1      | Reached XP level 2. HP: 18/18 MP: 5/5
   762 | D:1      | Reached skill level 1 in Fighting
   769 | D:1      | Reached XP level 3. HP: 12/23 MP: 3/6
   779 | D:1      | Learned a level 3 spell: Ozocubu's Armour
  1661 | D:2      | HP: 1/23 [leopard gecko (1)]
  2048 | D:2      | Reached XP level 4. HP: 22/28 MP: 3/7
  2877 | D:2      | Reached skill level 1 in Short Blades
  2877 | D:2      | Reached XP level 5. HP: 29/33 MP: 9/9
  3634 | D:3      | Reached XP level 6. HP: 18/39 MP: 0/10
  5318 | D:4      | Gained mutation: Your spells are a little easier to cast, but a little less powerful. [potion of mutation]
  5318 | D:4      | Gained mutation: You possess an exceptional clarity of mind. [potion of mutation]
  5518 | D:4      | Lost mutation: Your spells are a little easier to cast, but a little less powerful. [potion of mutation]
  5518 | D:4      | Lost mutation: You possess an exceptional clarity of mind. [potion of mutation]
  5518 | D:4      | Gained mutation: You expend magic power (3 MP) to strengthen your wands. [potion of mutation]
  5518 | D:4      | Gained mutation: You are partially covered in slimy green scales. (AC +2) [potion of mutation]
  5518 | D:4      | Gained mutation: You are resistant to hostile enchantments. (MR+) [potion of mutation]
  5589 | D:4      | Learned a level 4 spell: Throw Icicle
  5593 | D:4      | Learned a level 3 spell: Confuse
  5690 | D:4      | Reached XP level 7. HP: 37/45 MP: 12/12
  6500 | D:5      | Entered Level 5 of the Dungeon
  6522 | D:5      | Found Bopy Faapn's Gadget Shoppe.
  6922 | D:5      | Noticed letownia's ghost (amateur OpTm)
  6935 | D:5      | Killed letownia's ghost
  6935 | D:5      | Reached skill level 1 in Hexes
  6935 | D:5      | Reached skill level 5 in Ice Magic
  6935 | D:5      | Reached XP level 8. HP: 17/52 MP: 0/14
  7275 | D:5      | Reached skill level 5 in Stealth
  7344 | D:5      | Reached skill level 2 in Hexes
  7631 | D:5      | Learned a level 4 spell: Summon Ice Beast
  8058 | D:6      | Noticed Grinder
  8100 | D:6      | Killed Grinder
  8100 | D:6      | Reached skill level 5 in Spellcasting
  8561 | D:6      | Reached skill level 1 in Bows
  8563 | D:6      | Noticed Pikel
  8565 | D:6      | Found a white marble altar of Elyvilon.
  8601 | D:6      | Killed Pikel
  8601 | D:6      | Reached skill level 3 in Hexes
  8601 | D:6      | Reached XP level 9. HP: 27/58 MP: 0/17
  9414 | D:6      | Found a glowing golden altar of the Shining One.
  9522 | D:6      | Reached skill level 4 in Hexes
  9648 | D:6      | Found an iron altar of Okawaru.
  9729 | D:6      | Noticed letownia's ghost (novice OpTm)
  9760 | D:6      | Killed letownia's ghost
 10111 | D:7      | Noticed Dowan
 10464 | D:6      | Reached skill level 1 in Maces & Flails
 11365 | D:7      | Found a staircase to the Ecumenical Temple.
 11418 | D:7      | Reached skill level 5 in Hexes
 11458 | D:7      | Reached XP level 10. HP: 65/65 MP: 6/19
 11544 | D:7      | Lost mutation: You are partially covered in slimy green scales. (AC +2) [potion of mutation]
 11544 | D:7      | Lost mutation: You expend magic power (3 MP) to strengthen your wands. [potion of mutation]
 11544 | D:7      | Gained mutation: You occasionally shout uncontrollably at your foes. [potion of mutation]
 11544 | D:7      | Gained mutation: You are partially covered in icy blue scales. (AC +2) [potion of mutation]
 11544 | D:7      | Gained mutation: Your muscles are strong. (Str +2) [potion of mutation]
 11620 | D:7      | Reached skill level 5 in Fighting
 11672 | D:7      | Killed Dowan
 11673 | D:7      | Noticed Duvessa
 11688 | D:7      | Killed Duvessa
 12109 | D:7      | Found a sacrificial altar of Ru.
 12123 | D:7      | Reached skill level 5 in Dodging
 12126 | D:7      | Found a glowing silver altar of Zin.
 12306 | D:8      | Found a hide-covered altar of Uskayaw.
 12332 | Temple   | Entered the Ecumenical Temple
 12475 | Temple   | Became a worshipper of Vehumet
 12545 | D:8      | Noticed Gastronok
 12547 | D:8      | Found a staircase to the Lair.
 12548 | D:8      | Noticed Joseph
 12548 | D:8      | Noticed Maurice
 12787 | D:8      | Killed Joseph
 12793 | D:8      | Reached skill level 6 in Hexes
 12829 | D:8      | Found a transporter.
 12836 | D:8      | Noticed a lindwurm
 12867 | D:8      | Noticed an eye of devastation
 12870 | D:8      | Noticed a centaur warrior
 12961 | D:8      | Noticed a deep troll
 12961 | D:8      | an eye of devastation changed into a deep troll
 12981 | D:8      | Noticed an alligator
 12983 | D:8      | Noticed an ice dragon
 12983 | D:8      | an alligator changed into an ice dragon
 13201 | D:8      | Noticed a great orb of eyes
 13201 | D:8      | an ice dragon changed into a great orb of eyes
 13221 | D:8      | Killed Gastronok
 13287 | D:8      | Found a glowing golden altar of the Shining One.
 13309 | D:8      | Reached XP level 11. HP: 72/72 MP: 22/22
 13367 | D:8      | Found a transporter.
 13369 | D:8      | Noticed a great orb of eyes
 13384 | D:8      | Noticed Psyche
 13395 | D:8      | Killed Psyche
 13395 | D:8      | Reached skill level 5 in Short Blades
 13448 | D:8      | Killed Maurice
 13599 | D:8      | Lost mutation: You occasionally shout uncontrollably at your foes. [potion of mutation]
 13599 | D:8      | Lost mutation: Your muscles are strong. (Str +2) [potion of mutation]
 13599 | D:8      | Lost mutation: You are resistant to hostile enchantments. (MR+) [potion of mutation]
 13599 | D:8      | Lost mutation: You are partially covered in icy blue scales. (AC +2) [potion of mutation]
 13599 | D:8      | Gained mutation: You tend to lose your temper in combat. [potion of mutation]
 13599 | D:8      | Gained mutation: You passively map a small area around you. [potion of mutation]
 13599 | D:8      | Gained mutation: Your muscles are strong. (Str +2) [potion of mutation]
 13608 | D:8      | Noticed a queen ant
 13622 | D:8      | Noticed an emperor scorpion
 13691 | D:8      | Found a bloodstained altar of Trog.
 13691 | D:8      | Found a basalt altar of Yredelemnul.
 13751 | D:8      | Noticed a wolf spider
 13760 | D:8      | Noticed a glowing orange brain
 13816 | D:9      | Found Muopsu Muwu's Food Emporium.
 13841 | D:9      | Reached skill level 7 in Hexes
 13973 | D:9      | Reached * piety under Vehumet
 13973 | D:9      | Offered knowledge of Sting by Vehumet.
 14628 | D:10     | Entered Level 10 of the Dungeon
 15042 | D:10     | Reached ** piety under Vehumet
 15042 | D:10     | Offered knowledge of Sandblast by Vehumet.
 15745 | Lair:1   | Entered Level 1 of the Lair of Beasts
 16173 | Lair:1   | Learned a level 5 spell: Lee's Rapid Deconstruction
 16241 | Lair:1   | Lost mutation: You tend to lose your temper in combat. [potion of mutation]
 16241 | Lair:1   | Lost mutation: Your muscles are strong. (Str +2) [potion of mutation]
 16241 | Lair:1   | Gained mutation: You are surrounded by a mild repulsion field. (EV +2) [potion of mutation]
 16241 | Lair:1   | Gained mutation: You are clumsy. (Dex -2) [potion of mutation]
 16241 | Lair:1   | Lost mutation: You are clumsy. (Dex -2) [potion of mutation]
 16269 | Lair:1   | Learned a level 2 spell: Passwall
 16574 | Lair:1   | Reached skill level 8 in Hexes
 16772 | Lair:2   | Reached skill level 1 in Charms
 16793 | Lair:2   | Reached skill level 1 in Earth Magic
 16813 | Lair:2   | Reached XP level 12. HP: 55/81 MP: 0/24
 17225 | Lair:2   | Offered knowledge of Ignite Poison by Vehumet.
 17265 | Lair:2   | Learned a level 3 spell: Ignite Poison
 18291 | Lair:3   | Found a hole to the Spider Nest.
 18482 | Lair:3   | Reached skill level 9 in Hexes
 18546 | Lair:3   | Noticed a seven-headed hydra
 18611 | Lair:3   | Reached *** piety under Vehumet
 18905 | Lair:3   | Noticed a six-headed hydra
 18912 | Lair:3   | Killed a six-headed hydra
 19003 | Lair:3   | Offered knowledge of Olgreb's Toxic Radiance by Vehumet.
 19496 | Lair:3   | Learned a level 4 spell: Olgreb's Toxic Radiance
 19637 | Lair:3   | Reached skill level 10 in Hexes
 19676 | Lair:3   | Noticed an eight-headed hydra
 19677 | Lair:3   | Reached skill level 1 in Poison Magic
 19678 | Lair:3   | Reached XP level 13. HP: 88/88 MP: 15/26
 19691 | Lair:3   | Reached skill level 10 in Stealth
 20044 | Lair:3   | Reached **** piety under Vehumet
 20397 | Lair:3   | Offered knowledge of Bolt of Draining by Vehumet.
 21156 | Lair:4   | Found a staircase to the Swamp.
 21994 | Lair:5   | Reached skill level 1 in Transmutations
 21997 | Lair:5   | Reached skill level 5 in Poison Magic
 22144 | Lair:5   | Reached skill level 1 in Fire Magic
 22395 | Lair:5   | Reached XP level 14. HP: 52/97 MP: 12/27
 22418 | Lair:5   | Identified a scroll of acquirement
 22722 | Lair:5   | Reached skill level 10 in Spellcasting
 22769 | Lair:5   | Reached skill level 11 in Hexes
 22772 | Lair:5   | Reached ***** piety under Vehumet
 23044 | Lair:5   | Offered knowledge of Freezing Cloud by Vehumet.
 23053 | Lair:5   | Learned a level 6 spell: Freezing Cloud
 23254 | Lair:6   | Entered Level 6 of the Lair of Beasts
 23472 | Lair:6   | Found a runed door.
 23588 | Lair:6   | HP: 4/97 [death yak (1)]
 23695 | Lair:6   | Found a viscous altar of Jiyva.
 23698 | Lair:6   | HP: 1/97 [blink frog (16)]
 24470 | Lair:6   | Found a staircase to the Slime Pits.
 25376 | Lair:6   | Noticed a dire elephant
 25376 | Lair:6   | Noticed a dire elephant
 25403 | Lair:6   | Noticed a dire elephant
 25404 | Lair:6   | Noticed a dire elephant
 25414 | Lair:6   | HP: 1/147 [dire elephant (8)]
 25415 | Lair:6   | Killed a dire elephant
 25415 | Lair:6   | Killed a dire elephant
 25415 | Lair:6   | Killed a dire elephant
 25417 | Lair:6   | Killed a dire elephant
 25417 | Lair:6   | Reached XP level 15. HP: 2/103 MP: 4/29
 25629 | Lair:6   | Lost mutation: You passively map a small area around you. [potion of mutation]
 25629 | Lair:6   | Lost mutation: You are surrounded by a mild repulsion field. (EV +2) [potion of mutation]
 25629 | Lair:6   | Gained mutation: You are resistant to electric shocks. (rElec) [potion of mutation]
 25629 | Lair:6   | Gained mutation: You are agile. (Dex +2) [potion of mutation]
 25629 | Lair:6   | Gained mutation: Your spells are a little harder to cast, but a little more powerful. [potion of mutation]
 25918 | D:11     | Noticed Harold
 25943 | D:10     | Reached skill level 10 in Fighting
 26041 | D:11     | Killed Harold
 26283 | D:11     | Offered knowledge of Conjure Ball Lightning by Vehumet.
 26293 | D:11     | Found a staircase to the Orcish Mines.
 26432 | D:11     | Noticed Fannar
 26444 | D:11     | Killed Fannar
 26818 | D:12     | Found a blossoming altar of Fedhas.
 27470 | Lair:2   | Learned a level 6 spell: Conjure Ball Lightning
 27881 | D:12     | Noticed monokles's ghost (journeyman DsGl)
 27920 | D:12     | Killed monokles's ghost
 28046 | D:12     | Reached skill level 12 in Hexes
 28273 | D:13     | Found Jitove Osku's Magic Scroll Shoppe.
 28286 | D:13     | Bought a scroll of teleportation for 42 gold pieces
 28286 | D:13     | Bought a scroll of teleportation for 42 gold pieces
 28625 | D:13     | Reached skill level 10 in Dodging
 28747 | D:13     | Found a gate to the Vaults.
 29042 | Orc:1    | Entered Level 1 of the Orcish Mines
 29395 | Orc:1    | Offered knowledge of Bolt of Cold by Vehumet.
 29550 | Orc:2    | Entered Level 2 of the Orcish Mines
 29651 | Orc:2    | Found a staircase to the Elven Halls.
 29685 | Orc:2    | Found a roughly hewn altar of Beogh.
 29962 | Orc:2    | Noticed Saint Roka
 29985 | Orc:1    | Reached skill level 1 in Air Magic
 30196 | Orc:2    | Killed Saint Roka
 30363 | Orc:2    | Found Hecyn's Magic Scroll Shoppe.
 30365 | Orc:2    | Found Jaakhlir's Antique Armour Shop.
 30377 | Orc:2    | Reached XP level 16. HP: 70/111 MP: 26/31
 30628 | Orc:2    | Noticed Rupert
 30637 | Orc:2    | Killed Rupert
 30853 | Orc:2    | Found Fuulou's Book Shoppe.
 30853 | Orc:2    | Found Qialahok's Weapon Boutique.
 30860 | Orc:2    | Bought a scroll of teleportation for 42 gold pieces
 30860 | Orc:2    | Bought a scroll of teleportation for 42 gold pieces
 30867 | Orc:2    | Bought a scroll of amnesia for 49 gold pieces
 30875 | Orc:2    | Learned a level 6 spell: Bolt of Cold
 31388 | Orc:1    | Found a roughly hewn altar of Beogh.
 31777 | Elf:1    | Entered Level 1 of the Elven Halls
 32194 | Elf:1    | Found Rigebuhe's Gadget Shop.
 32313 | Elf:1    | Offered knowledge of Bolt of Magma by Vehumet.
 32477 | Elf:1    | Identified the Incunabulum of Conjuration and the Escort
 33001 | Elf:1    | Reached skill level 1 in Shields
 33864 | Spider:1 | Entered Level 1 of the Spider Nest
 34061 | Spider:1 | Reached skill level 13 in Hexes
 34470 | Spider:1 | Noticed prototypeXXsupercool's ghost (adept HOFi)
 34568 | Spider:2 | Reached ****** piety under Vehumet
 34649 | Spider:2 | Noticed Nikola
 34808 | Spider:3 | Reached XP level 17. HP: 103/117 MP: 33/33
 34871 | Spider:3 | Noticed Asterion
 34897 | Spider:3 | Killed Asterion
 35055 | Spider:3 | Reached skill level 5 in Earth Magic
 35055 | Spider:3 | Offered knowledge of Orb of Destruction by Vehumet.
 35092 | Spider:3 | Reached skill level 10 in Poison Magic
 35153 | Spider:3 | Got a blackened buckler
 35164 | Spider:3 | Identified the +0 buckler of Vehumet's Reproof {*Contam Regen+ Int+6} (You acquired it on level 3 of the Spider Nest)
 35352 | Spider:3 | Got an encrusted shield
 35358 | Spider:4 | Entered Level 4 of the Spider Nest
 35364 | Spider:4 | Noticed Jorgrun
 35373 | Spider:4 | Killed Jorgrun
 35380 | Spider:4 | Noticed Kirke
 35380 | Spider:4 | Reached skill level 5 in Air Magic
 35385 | Spider:4 | Noticed a sphinx
 35389 | Spider:4 | HP: 5/117 [demonic crawler (6)]
 35389 | Spider:4 | Slain by a ghost moth

Skill      XL: |  1  2  3  4  5  6  7  8  9 10 11 12 13 14 15 16 17 |
---------------+----------------------------------------------------+-----
Stealth        | 3 4 5 6 7 9 10 11 12 | 12.8
Fighting       | 1 2 3 4 6 7 8 9 10 11 | 11.5
Short Blades   | 1 2 3 4 6 7 8 |  8.2
Ice Magic      | 4 5 6 7 |  7.1
Spellcasting   | 3 4 5 6 7 8 9 10 11 12 | 12.3
Hexes          | 1 3 5 6 8 10 11 12 13 | 13.1
Dodging        | 3 4 5 7 8 9 10 11 | 11.4
Bows           | 1 |  1.1
Maces & Flails | 1 |  1.1
Charms         | 1 2 |  2.2
Earth Magic    | 1 3 4 5 |  5.3
Poison Magic   | 1 5 7 8 9 10 | 10.2
Transmutations | 1 2 3 |  3.5
Fire Magic     | 1 2 |  2.8
Air Magic      | 2 4 5 |  5.0
Shields        | 2 3 |  3.2
Throwing       | |  0.8
Unarmed Combat | |  0.6
Conjurations   | |  1.9
Summonings     | |  0.2
Evocations     | |  0.7

Action                   |  1- 3 |  4- 6 |  7- 9 | 10-12 | 13-15 | 16-18 || total
-------------------------+-------+-------+-------+-------+-------+-------++-------
Melee: Unarmed           |    36 |       |       |       |       |       ||    36
       Constrict         |    24 |    25 |    50 |   103 |    85 |    33 ||   320
       Tentacles         |    13 |    17 |    47 |   129 |   138 |    39 ||   383
       Dagger            |    39 |       |   119 |   147 |   129 |    10 ||   444
       Short sword       |    22 |   114 |   147 |   453 |   554 |   127 ||  1417
       Whip              |       |       |    15 |       |       |       ||    15
       Punch             |       |       |       |     3 |     7 |     1 ||    11
 Fire: Blowgun           |       |     3 |       |       |       |       ||     3
       Shortbow          |       |       |    12 |       |       |       ||    12
Throw: Stone             |       |    20 |       |     1 |     1 |     2 ||    24
 Cast: Freeze            |    27 |    62 |    59 |    16 |     2 |       ||   166
       Ozocubu's Armour  |       |     4 |    11 |    18 |    36 |    13 ||    82
       Confuse           |       |       |    61 |   190 |   162 |    29 ||   442
       Throw Icicle      |       |       |     5 |     5 |     8 |     1 ||    19
       Olgreb's Toxic Ra |       |       |       |     2 |    67 |    53 ||   122
       Passwall          |       |       |       |     2 |     6 |       ||     8
       Ignite Poison     |       |       |       |     1 |    82 |    66 ||   149
       Summon Ice Beast  |       |       |       |       |     1 |       ||     1
       Lee's Rapid Decon |       |       |       |       |     7 |     4 ||    11
       Freezing Cloud    |       |       |       |       |     1 |       ||     1
       Bolt of Cold      |       |       |       |       |       |    17 ||    17
       Conjure Ball Ligh |       |       |       |       |       |     3 ||     3
Evoke: Wand              |       |       |       |       |     1 |     9 ||    10
  Use: Scroll            |       |     5 |     6 |    17 |    23 |     6 ||    57
       Potion            |       |     4 |     1 |     3 |     7 |       ||    15
 Stab: Sleeping          |     7 |     7 |     6 |    23 |    42 |    11 ||    96
       Distracted        |       |     1 |       |       |     4 |       ||     5
       Confused          |       |       |    20 |    71 |    78 |    13 ||   182
  Eat: Chunk             |     4 |    10 |    15 |    59 |    32 |    16 ||   136
       Fruit             |       |     2 |     5 |     1 |     2 |     2 ||    12
Armor: Skin              |    11 |    19 |    35 |    53 |    63 |    29 ||   210
Dodge: Dodged            |   104 |   112 |   144 |   410 |   406 |   151 ||  1327
Block: Buckler           |       |       |       |       |       |    33 ||    33
